 Dungeon Crawl Stone Soup version 0.29.0-15-g675c0067aa (webtiles) character file.

Game seed: 476653191935955588

46387 keekatzer the Covert (level 14, -3/83 HPs)
             Began as a Kobold Enchanter on Sept 11, 2022.
             Was a Follower of Uskayaw.
             Killed from afar by a fire dragon (30 damage)
             ... with a blast of flame
             ... on level 5 of the Lair of Beasts.
             The game lasted 02:19:51 (17146 turns).

keekatzer the Covert (Kobold Enchanter)            Turns: 17146, Time: 02:19:54

Health: -3/83      AC: 15    Str:  6    XL:     14   Next: 76%
Magic:  18/23      EV: 24    Int: 16    God:    Uskayaw [*.....]
Gold:   923        SH:  0    Dex: 20    Spells: 5/25 levels left

rFire   x . .      SeeInvis .   y - +4 dagger
rCold   + . .      Faith    .   (no shield)
rNeg    . . .      Spirit   .   g - +3 leather armour
rPois   .          Reflect  .   P - +2 helmet
rElec   .          Harm     .   z - +2 cloak
rCorr   .          Rampage  +   n - +0 pair of gloves
Will    +....                   W - +0 pair of boots {rampage}
Stlth   +++.......              (no amulet)
HPRegen 0.23/turn               J - ring of ice
MPRegen 0.18/turn               F - +4 ring of evasion

@: very slow
A: small, no large weapons, nightstalker 3
a: Renounce Religion, Stomp


You were on level 5 of the Lair of Beasts.
You worshipped Uskayaw.
Uskayaw was aware of your devotion.
You visited 3 branches of the dungeon, and saw 19 of its levels.

You collected 1167 gold pieces.
You spent 244 gold pieces at shops.

Inventory:

Hand Weapons
 y - a +4 dagger (weapon)
Missiles
 R - 2 curare-tipped darts (quivered)
Armour
 e - a +1 helmet
 g - a +3 leather armour (worn)
 n - a +0 pair of gloves (worn)
 z - a +2 cloak (worn)
 P - a +2 helmet (worn)
 W - a +0 pair of boots of rampaging (worn)
 X - +0 acid dragon scales
 Y - a +1 helmet
Jewellery
 m - a ring of poison resistance
 x - a ring of see invisible
 F - a +4 ring of evasion (right hand)
 J - a ring of ice (left hand)
 O - a ring of fire
Wands
 f - a wand of polymorph (4)
 o - a wand of flame (23)
 p - a wand of digging (6)
 v - a wand of paralysis (25)
 G - a wand of light (8)
 U - a wand of roots (14)
Scrolls
 a - 2 scrolls of vulnerability
 j - 6 scrolls of butterflies {unknown}
 k - 8 scrolls of teleportation
 l - a scroll of silence {unknown}
 q - 3 scrolls of immolation {unknown}
 r - 4 scrolls of magic mapping {unknown}
 w - 2 scrolls of acquirement {unknown}
 B - 3 scrolls of amnesia {unknown}
 D - 2 scrolls of torment {unknown}
 E - 5 scrolls of noise {unknown}
 L - 2 scrolls of blinking {unknown}
 N - 2 scrolls of poison {unknown}
 Q - 2 scrolls of fear {unknown}
 S - 2 scrolls of identify
 T - 3 scrolls of enchant armour {unknown}
Potions
 c - a potion of invisibility
 d - 11 potions of curing
 h - 5 potions of mutation
 i - 3 potions of lignification
 s - 5 potions of heal wounds
 t - 3 potions of resistance
 u - 3 potions of brilliance {unknown}
 A - 4 potions of attraction {unknown}
 C - 2 potions of berserk rage {unknown}
 H - 3 potions of flight {unknown}
 I - a potion of cancellation
 K - 4 potions of haste {unknown}
 M - 4 potions of might {unknown}
Miscellaneous
 b - a phial of floods
 V - a condenser vane


   Skills:
 + Level 7.8 Fighting
 + Level 9.4 Short Blades
 - Level 4.0 Armour
 + Level 9.1 Dodging
 + Level 13.0 Stealth
 + Level 6.1 Spellcasting
 - Level 10.7 Hexes
 - Level 4.0 Translocations
 - Level 10.7 Ice Magic
 - Level 10.0 Invocations
 - Level 5.0 Evocations


You had 5 spell levels left.
You knew the following spells:

 Your Spells              Type           Power      Damage    Failure   Level
a - Ensorcelled Hibernat  Hex/Ice        100%       N/A       1%          2
b - Blink                 Tloc           34%        N/A       6%          2
c - Confusing Touch       Hex            39%        N/A       1%          3
d - Tukima's Dance        Hex            39%        N/A       1%          3
e - Lesser Beckoning      Tloc           17%        N/A       12%         3
f - Dazzling Flash        Conj/Hex       44%        N/A       7%          3
g - Cause Fear            Hex            19%        N/A       2%          4

Your spell library contained the following spells:

 Spells                   Type           Power      Damage    Failure   Level
 Apportation              Tloc           34%        N/A       4%          1
 Inner Flame              Hex/Fire       22%        N/A       7%          3
 Magic Dart               Conj           16%        1d3       21%         1
 Necrotise                Necr           16%        1d4       21%         1
 Sandblast                Erth           8%         2d5       21%         1
 Sting                    Tmut/Pois      16%        1d3       21%         1
 Leda's Liquefaction      Hex/Erth       11%        N/A       22%         4
 Call Imp                 Summ           4%         N/A       30%         2
 Mephitic Cloud           Conj/Pois/Air  4%         N/A       52%         3
 Vampiric Draining        Necr           4%         2d6       52%         3
 Silence                  Hex/Air        11%        N/A       54%         5
 Manifold Assault         Tloc           17%        N/A       73%         5
 Corpse Rot               Necr/Pois/Air  4%         N/A       90%         4
 Dispel Undead            Necr           4%         3d7       90%         4
 Agony                    Necr           4%         N/A       99%         5
 Alistair's Intoxication  Tmut/Pois      2%         N/A       99%         5
 Borgnjor's Vile Clutch   Necr/Erth      2%         N/A       99%         5
 Lee's Rapid Deconstruct  Erth           2%         3d5*      99%         5
 Death Channel            Necr           2%         N/A       100%        6
 Eringya's Noxious Bog    Tmut/Pois      2%         N/A       100%        6
 Statue Form              Tmut/Erth      2%         N/A       100%        6
 Discord                  Hex            19%        N/A       100%        8


Dungeon Overview and Level Annotations

Branches:
Dungeon (13/15)            Temple (1/1) D:7            Lair (4/5) D:10
 Shoals (0/4) Lair:3        Snake (0/4) Lair:3          Orc (0/2) D:9
 Vaults (0/5) D:13
  Slime: Lair:4-5

Altars:
Ashenzari
Cheibriados
Dithmenos
Elyvilon
Fedhas
Gozag
Hepliaklqana
Kikubaaqudgha
Makhleb
Nemelex Xobeh
Okawaru
Qazlal
Ru
Sif Muna
Trog
Uskayaw
Vehumet
Wu Jian
Xom
Yredelemnul
Zin
The Shining One

Shops:
D:8 *   D:12 *

Portals:
Trove: D:12 (give horn of Geryon)


Innate Abilities, Weirdness & Mutations

You are small and have problems with some larger weapons.
You are completely attuned to the shadows.


Message History

Press: ? - help, Shift-Dir - straight line, f - swamp dragon
Aim: a swamp dragon (poison gas, catching its breath, chance to affect: 54%)
Okay, then.
Unknown command.
Casting: Ensorcelled Hibernation (safe; 1% risk of failure)
Confirm with . or Enter, or press ? or * to list all spells.
Aiming: Ensorcelled Hibernation (safe; 1% risk of failure)
Press: ? - help, Shift-Dir - straight line, f - swamp dragon
Aim: a swamp dragon (poison gas, catching its breath, chance to affect: 54%)
You feel a surge of power!
The swamp dragon resists with some effort.
You are engulfed in poison gas.
You are more poisoned.
You feel very sick. The swamp dragon barely misses you.
The swamp dragon closely misses you. The swamp dragon completely misses you.
You feel better.
You are engulfed in poison gas.
You are poisoned.
You feel stable enough to blink again.
You feel very sick. The swamp dragon closely misses you.
The swamp dragon completely misses you. x2
You feel better. The swamp dragon bites you.
The swamp dragon claws you but does no damage.
The swamp dragon tramples you but does no damage.
The fire dragon bites you but does no damage.
The fire dragon misses you. The fire dragon closely misses you.
Casting: Ensorcelled Hibernation (safe; 1% risk of failure)
Confirm with . or Enter, or press ? or * to list all spells.
Aiming: Ensorcelled Hibernation (safe; 1% risk of failure)
Press: ? - help, Shift-Dir - straight line, f/p - swamp dragon
Aim: a swamp dragon (chance to affect: 54%)
You feel a surge of power!
The swamp dragon looks drowsy...
The fire dragon barely misses you. The fire dragon claws you.
The fire dragon misses you.
The helpless swamp dragon fails to defend itself.
You stick the swamp dragon like a pincushion!!!!
You kill the swamp dragon!
The swamp dragon scales are intact enough to wear.
The fire dragon breathes flames at you. The blast of flame hits you!!
The fire burns you terribly!
You die...

♣♣...♣♣ ≈♣♣~~♣..♣
.≈≈~♣♣.♣♣ .~~...P♣
.~≈≈~.)$♣ ♣..P...♣
.~≈≈~.(.. ♣~..♣.♣♣
♣♣♣....(:!♣♣♣≈...♣♣
♣.~~○.[D?)♣♣~.♣..♣
♣○..≈~@°♣♣♣~~...♣♣
♣.~≈°°♣♣~~.†.♣♣
♣..~°♣♣.~..♣♣♣
♣♣.P~≈≈≈..♣♣
♣♣...≈~≈.♣
♣♣.≈~~♣♣♣ ♣♣♣♣♣♣


You could see a fire dragon (catching breath).

Vanquished Creatures
  Nessos (Lair:5)
  A vault guard (D:13)
  4 hydras
  An anaconda (Lair:4)
  2 centaur warriors
  2 two-headed ogres
  Sonja (D:13)
  A swamp dragon (Lair:5)
  The ghost of CertainDeath the Ruffian, a novice TrTm of Gozag (D:6)
  Pikel (D:8)
  3 deep elf pyromancers
  6 ugly things
  2 manticores
  9 black mambas
  3 merfolk sirens (Lair:3)
  10 elephants (Lair:5)
  8 cane toads
  2 gargoyles
  2 torpor snails
  4 komodo dragons
  4 rime drakes
  An efreet (D:13)
  2 trolls
  A polar bear (Lair:5)
  A hornet (D:10)
  A merfolk (Lair:3)
  6 slime creatures
  3 shadows
  2 wraiths
  2 vampires
  55 yaks
  3 wyverns
  2 basilisks (Lair:5)
  Eustachio (D:5)
  4 steam dragons
  Menkaure (D:5)
  13 vampire mosquitoes
  2 acid dragons
  2 nagas (Lair:3)
  14 water moccasins
  Duvessa (D:5)
  6 black bears
  A swamp drake (Lair:5)
  An orc warrior (D:8)
  2 centaurs (D:8)
  3 wolves (Lair:5)
  3 kobold brigands
  5 bullfrogs
  2 scorpions (D:6)
  A necrophage (D:5)
  20 wights
  Dowan (D:5)
  14 killer bees
  3 howler monkeys
  An electric eel (D:10)
  3 orc priests (D:9)
  5 hounds
  3 jellies
  2 iguanas
  Terence (D:3)
  10 orc wizards
  10 adders
  A shadow imp (D:6)
  2 white imps
  4 worms
  2 dart slugs (D:4)
  59 orcs
  8 ball pythons
  6 bats
  8 endoplasms
  5 giant cockroaches
  7 goblins
  5 hobgoblins
  15 kobolds
  6 quokkas
  2 frilled lizards
  8 rats
  A spectral orc (D:5)
  2 butterflies (Lair:4)
423 creatures vanquished.

Vanquished Creatures (others)
  A kraken (D:1)
  A draconian (D:1)
  An elf (D:1)
  A merfolk (D:1)
  A spriggan (D:1)
  A formicid (D:1)
  A human (D:1)
  An ogre (D:1)
  A felid (D:1)
  12 fungi
  52 plants
  10 tentacles (D:1)
83 creatures vanquished.

Grand Total: 506 creatures vanquished

Notes
Turn   | Place    | Note
-------+----------+-------------------------------------------
     0 | D:1      | keekatzer the Kobold Enchanter began the quest for the Orb.
     0 | D:1      | Reached XP level 1. HP: 10/10 MP: 3/3
     0 | D:1      | Noticed a demigod
     0 | D:1      | Noticed a demonspawn
     0 | D:1      | Noticed a formicid
     0 | D:1      | Noticed a felid
     0 | D:1      | Noticed a troll
     0 | D:1      | Noticed a human
     0 | D:1      | Noticed a merfolk
     0 | D:1      | Noticed a draconian
     0 | D:1      | Noticed a kraken
     1 | D:1      | Noticed a formicid
     3 | D:1      | Noticed an ogre
     3 | D:1      | Killed an elf
     4 | D:1      | Killed a spriggan
     7 | D:1      | Killed an ogre
     9 | D:1      | Killed a formicid
     9 | D:1      | Killed a merfolk
    10 | D:1      | Killed a draconian
    12 | D:1      | Killed a felid
    13 | D:1      | Killed a human
    13 | D:1      | Killed a kraken
   354 | D:1      | Reached XP level 2. HP: 16/16 MP: 5/5
   359 | D:1      | Learned a level 2 spell: Ensorcelled Hibernation
   484 | D:1      | Reached skill level 1 in Fighting
   541 | D:1      | Reached XP level 3. HP: 20/20 MP: 6/6
   676 | D:1      | Learned a level 3 spell: Confusing Touch
  1142 | D:2      | Reached XP level 4. HP: 25/25 MP: 7/7
  1177 | D:2      | Found a hide-covered altar of Uskayaw.
  1192 | D:2      | Learned a level 2 spell: Blink
  1248 | D:2      | Reached skill level 5 in Stealth
  1544 | D:2      | Reached XP level 5. HP: 29/29 MP: 5/8
  1694 | D:3      | Found a hazy altar of Hepliaklqana.
  1694 | D:3      | Found an ancient bone altar of Kikubaaqudgha.
  1762 | D:3      | Reached skill level 1 in Ice Magic
  1882 | D:3      | Noticed Terence
  1889 | D:3      | Killed Terence
  2036 | D:3      | Found a faded altar of an unknown god.
  2321 | D:4      | Found a white marble altar of Elyvilon.
  2341 | D:4      | Noticed a black bear
  2410 | D:4      | Killed a black bear
  2411 | D:4      | Reached skill level 1 in Armour
  2411 | D:4      | Reached XP level 6. HP: 25/35 MP: 6/9
  2676 | D:4      | Reached XP level 7. HP: 40/40 MP: 9/11
  2680 | D:4      | Learned a level 3 spell: Tukima's Dance
  2755 | D:4      | Found a shadowy altar of Dithmenos.
  2829 | D:4      | Reached skill level 6 in Stealth
  3683 | D:5      | Entered Level 5 of the Dungeon
  3683 | D:5      | Noticed Menkaure
  3684 | D:5      | Killed Menkaure
  3685 | D:5      | Reached XP level 8. HP: 45/45 MP: 12/12
  3793 | D:4      | Reached skill level 7 in Stealth
  3973 | D:5      | Upgraded the game from 0.29.0-13-gc9e81de378 to
                  | 0.29.0-15-g675c0067aa
  4074 | D:5      | Noticed Eustachio
  4078 | D:5      | Killed Eustachio
  4079 | D:5      | Reached skill level 1 in Translocations
  4103 | D:5      | Found a shimmering blue altar of Sif Muna.
  4147 | D:5      | Found a basalt altar of Yredelemnul.
  4207 | D:5      | Reached skill level 5 in Dodging
  4298 | D:5      | Noticed Duvessa
  4300 | D:5      | Noticed Dowan
  4301 | D:5      | Killed Duvessa
  4302 | D:5      | Reached XP level 9. HP: 51/51 MP: 13/13
  4308 | D:5      | Killed Dowan
  4407 | D:6      | Found a hide-covered altar of Uskayaw.
  4411 | D:6      | Reached skill level 8 in Stealth
  4426 | D:6      | Found a bloodstained altar of Trog.
  4483 | D:6      | Reached skill level 5 in Hexes
  4923 | D:6      | Reached skill level 5 in Ice Magic
  4927 | D:6      | Learned a level 3 spell: Lesser Beckoning
  4965 | D:6      | Found a runed translucent gate.
  4965 | D:6      | Found a runed translucent gate.
  4965 | D:6      | Found a runed translucent gate.
  4970 | D:6      | Noticed CertainDeath's ghost (novice TrTm)
  4984 | D:6      | Killed CertainDeath's ghost
  4985 | D:6      | Reached skill level 5 in Short Blades
  4985 | D:6      | Reached skill level 9 in Stealth
  5278 | D:7      | Reached XP level 10. HP: 57/57 MP: 15/15
  5428 | D:7      | Found an ancient bone altar of Kikubaaqudgha.
  5428 | D:7      | Found a shimmering altar of Xom.
  5428 | D:7      | Found a burning altar of Makhleb.
  5432 | D:7      | Found a shimmering altar of Xom.
  5432 | D:7      | Found a glowing silver altar of Zin.
  5432 | D:7      | Found a glowing silver altar of Zin.
  5682 | D:7      | Learned a level 3 spell: Dazzling Flash
  5712 | D:7      | Found a staircase to the Ecumenical Temple.
  5719 | Temple   | Entered the Ecumenical Temple
  5770 | Temple   | Became a worshipper of Ru the Awakened
  6027 | D:7      | Found an iron altar of Okawaru.
  6374 | D:8      | Reached skill level 10 in Stealth
  6546 | D:8      | Noticed Pikel
  6550 | D:8      | Killed Pikel
  6593 | D:8      | Found Iryil's Neck Hole.
  6816 | D:8      | Found an ornate altar of the Wu Jian Council.
  7039 | D:6      | Fell from the grace of Ru
  7039 | D:6      | Became a worshipper of Uskayaw the Reveller
  7245 | D:9      | Reached * piety under Uskayaw
  7246 | D:9      | Reached skill level 5 in Fighting
  7272 | D:9      | Reached ** piety under Uskayaw
  7274 | D:9      | Reached *** piety under Uskayaw
  7354 | D:9      | Reached **** piety under Uskayaw
  7376 | D:9      | Reached ***** piety under Uskayaw
  7406 | D:9      | Found a staircase to the Orcish Mines.
  7626 | D:9      | Reached skill level 1 in Invocations
  7639 | D:9      | Reached XP level 11. HP: 61/63 MP: 7/17
  8150 | D:10     | Entered Level 10 of the Dungeon
  8786 | D:10     | Found a staircase to the Lair.
  9317 | D:11     | Noticed an eight-headed hydra
  9683 | D:11     | Reached skill level 5 in Invocations
  9692 | D:11     | Noticed an eight-headed hydra
  9696 | D:11     | Killed an eight-headed hydra
 10303 | D:12     | Found Dyevadel's Assorted Antiques.
 10339 | D:12     | Noticed a brown ugly thing
 10340 | D:12     | Found a portal to a secret trove of treasure.
 10345 | D:12     | Killed a brown ugly thing
 10534 | D:12     | Noticed a green ugly thing
 10538 | D:12     | Reached XP level 12. HP: 57/68 MP: 16/18
 10870 | D:10     | Found an opulent altar of Gozag.
 10870 | D:10     | Found a stormy altar of Qazlal.
 10978 | D:12     | Reached skill level 5 in Spellcasting
 11395 | D:12     | Noticed a two-headed ogre
 11405 | D:12     | Killed a two-headed ogre
 11412 | D:12     | Learned a level 4 spell: Cause Fear
 11867 | D:13     | Noticed Sonja
 11875 | D:13     | Killed Sonja
 12000 | D:13     | Noticed a two-headed ogre
 12004 | D:13     | Killed a two-headed ogre
 12015 | D:13     | HP: 2/68 [manticore (16)]
 12348 | D:13     | Noticed a centaur warrior
 12362 | D:13     | Killed a centaur warrior
 12423 | D:13     | Got An Introduction to Wizardry
 12605 | D:13     | Reached XP level 13. HP: 68/72 MP: 17/20
 12677 | D:13     | Noticed a centaur warrior
 12686 | D:12     | Killed a centaur warrior
 12687 | D:12     | Reached skill level 10 in Hexes
 12687 | D:12     | Reached skill level 10 in Ice Magic
 12706 | D:12     | Bought a pink potion for 23 gold pieces
 12706 | D:12     | Bought a scroll labelled FAODAAFOCYXE for 26 gold pieces
 12706 | D:12     | Bought a pair of runed boots for 195 gold pieces
 12817 | D:13     | Noticed a vault guard
 12911 | D:13     | Killed a vault guard
 12912 | D:13     | Reached skill level 11 in Stealth
 12918 | D:13     | Noticed a five-headed hydra
 12995 | D:13     | Found a gate to the Vaults.
 13131 | Lair:1   | Entered Level 1 of the Lair of Beasts
 13344 | Lair:1   | Reached skill level 1 in Evocations
 13348 | Lair:1   | Noticed a five-headed hydra
 13352 | Lair:1   | Killed a five-headed hydra
 14476 | Lair:2   | Noticed an eight-headed hydra
 14482 | Lair:2   | Killed an eight-headed hydra
 15371 | Lair:3   | Found a staircase to the Snake Pit.
 15499 | Lair:3   | Found a staircase to the Shoals.
 15784 | Lair:4   | Noticed an anaconda
 15788 | Lair:4   | Killed an anaconda
 15795 | Lair:4   | Reached XP level 14. HP: 80/80 MP: 11/21
 16172 | Lair:4   | Reached skill level 5 in Evocations
 16419 | Lair:4   | Reached skill level 12 in Stealth
 16534 | Lair:4   | You fall into a shaft and drop 1 floor!
 16534 | Lair:5   | Entered Level 5 of the Lair of Beasts
 16548 | Lair:5   | Reached skill level 10 in Invocations
 16605 | Lair:5   | Noticed Nessos
 16608 | Lair:5   | Killed Nessos
 16957 | Lair:5   | Reached skill level 13 in Stealth
 17146 | Lair:5   | Killed from afar by a fire dragon

Illustrated notes

Levels and vault maps discovered:
D:1:      nicolae_arrival_kraken_aquarium_a, layout_loops_ring,
          amcnicky_mini_corridor_feature, minmay_splitting_lines
D:2:      layout_rooms, basic_altar, grunt_ministairs_11, minmay_misc_feat_iff,
          nicolae_kite_square_tiling_tiny, serial_park_tiny_pond, minmay_unequal
D:3:      layout_rooms, minitemple, shapermc_ecumenical_altar_totnotflames,
          minmay_tree_intersection, hex_medium, uniq_terence
D:4:      layout_layer_cave, mainiacjoe_overflow_cross_hatched,
          elyvilon_altar_1, hangedman_feature_mirror, serial_park_tiny_pond,
          lemuel_old_faithful
D:5:      layout_rooms, yredelemnul_forgotten_temple_becter,
          nicolae_sif_muna_condensation, uniq_duvessa, uniq_eustachio,
          uniq_menkaure
D:6:      layout_loops_ring, general_overflow_altar,
          eat_drink_and_be_merry_uskayaw, ebering_ghost_rock_garden
D:7:      layout_basic, mainiacjoe_overflow_alcove_2, doesnt_xom_only_xom,
          temple_pool_b, hangedman_abyss_or_decor_stagger,
          amcnicky_mini_rare_corridor_liquid, hex_intersection
D:8:      layout_gridville, lemuel_tele_altar, grunt_ministairs_3,
          nicolae_shop_sticking_my_neck_out, uniq_pikel
D:9:      layout_stronghold, hiddenorc2_lemuel
D:10:     layout_basic, nicolae_overflow_hidden_temple, lair_entry_dummy
D:11:     layout_irregular_city, dk_noncrumbling_4,
          hangedman_abyss_or_decor_passed
D:12:     layout_cave_pools, nicolae_trove_entry_free_sample, drop_trap,
          nicolae_take_the_stairs
D:13:     layout_grid_maze, david_vaults_5, serial_rivers,
          chequers_serial_rivers_room_b, chequers_serial_rivers_micro_a,
          chequers_serial_rivers_small_a, chequers_serial_rivers_small_b,
          chequers_serial_rivers_marsh, uniq_sonja
Temple:   chequers_temple_sunken
Lair:1:   layout_cave_pods, serial_bayou, serial_bayou_shore_b,
          serial_bayou_pond_e, serial_bayou_pond_b, serial_bayou_pond_a
Lair:2:   layout_cellular_growth, gauntlet_entry_generic,
          infiniplex_staircase_pool_2
Lair:3:   layout_regular_city, elwin_shoals_entry_stream,
          guppyfry_snake_entry_garden, uniq_urug
Lair:4:   beast_lair_carwin_large_4, layout_loops_ring, slime_entry_1,
          cheibrodos_lair_reptile_den, lemuel_fruit_fields
Lair:5:   guppyfry_lair_end_dragon, layout_layer_cave, hangedman_lair_in_review,
          uniq_nessos

Skill      XL: |  1  2  3  4  5  6  7  8  9 10 11 12 13 14 |
---------------+-------------------------------------------+-----
Fighting       | 1 2 3 4 5 6 7 |  7.8
Dodging        | 3 4 5 6 7 9 |  9.1
Stealth        | 5 6 7 9 10 11 13 | 13.0
Ice Magic      | 2 3 4 5 6 8 9 10 | 10.7
Short Blades   | 2 3 4 5 6 7 9 |  9.4
Armour         | 1 2 3 4 |  4.0
Spellcasting   | 3 4 5 6 |  6.1
Hexes          | 4 5 6 8 9 10 | 10.7
Translocations | 1 2 3 4 |  4.0
Invocations    | 1 5 8 9 10 | 10.0
Evocations     | 4 5 |  5.0

Action                   |  1- 3 |  4- 6 |  7- 9 | 10-12 | 13-15 || total
-------------------------+-------+-------+-------+-------+-------++-------
Melee: Dagger            |    57 |   155 |   207 |   386 |   251 ||  1056
       Punch             |       |     1 |     5 |     5 |     1 ||    12
 Cast: Ensorcelled Hiber |     3 |    23 |    26 |   110 |   108 ||   270
       Confusing Touch   |       |       |    12 |    21 |     6 ||    39
       Tukima's Dance    |       |       |     1 |       |       ||     1
       Lesser Beckoning  |       |       |     1 |     1 |       ||     2
       Blink             |       |       |       |     3 |     5 ||     8
       Dazzling Flash    |       |       |       |       |     1 ||     1
Invok: Stomp             |       |       |       |       |     4 ||     4
Evoke: Wand              |       |       |     2 |     1 |     1 ||     4
       Condenser vane    |       |       |       |       |     1 ||     1
  Use: Scroll            |       |       |       |    10 |     2 ||    12
       Potion            |       |       |       |     2 |     3 ||     5
 Stab: Sleeping          |    26 |    28 |    33 |    85 |    93 ||   265
       Confused          |       |       |    11 |    16 |     5 ||    32
       Paralysed         |       |       |     1 |    16 |    18 ||    35
       Distracted        |       |       |     1 |     2 |     6 ||     9
       Invisible         |       |       |       |       |     3 ||     3
Armor: Leather armour    |     5 |    51 |    41 |    89 |    76 ||   262
       Robe              |     2 |       |       |       |       ||     2
Dodge: Dodged            |    21 |   106 |   136 |   429 |   264 ||   956
